 Dungeon Crawl Stone Soup version 0.28-a0-1638-g9123634e07 (webtiles) character file.

Game seed: 17238306138355740437

21 TrogsFancyHat the Digger (level 2, -1/17 HPs)
             Began as an Octopode Earth Elementalist on Jan 25, 2022.
             Slain by a kobold (5 damage)
             ... on level 1 of the Dungeon.
             The game lasted 00:01:07 (1024 turns).

TrogsFancyHat the Digger (OpEE)                     Turns: 1024, Time: 00:01:07

Health: -1/17      AC:  1    Str:  7    XL:     2   Next: 83%
Magic:  3/5        EV: 13    Int: 17    God:
Gold:   5          SH:  0    Dex: 12    Spells: 4/5 levels left

rFire   . . .      SeeInvis .   c - +2 whip (freeze)
rCold   . . .      Faith    .   (no shield)
rNeg    . . .      Spirit   .   (helmet restricted)
rPois   .          Reflect  .   (no amulet)
rElec   .          Harm     .   (no ring)
rCorr   .          Rampage  .   (no ring)
Will    .....                   (no ring)
Stlth   +++.......              (no ring)
HPRegen 0.05/turn               (no ring)
MPRegen 0.09/turn               (no ring)
                                (no ring)
                                (no ring)

@: no status effects
A: almost no armour, amphibious, 8 rings, camouflage 1, gelatinous body 1,
(nimble swimmer 1), tentacles
a: no special abilities


You were on level 1 of the Dungeon.
You visited 1 branch of the dungeon, and saw 1 of its levels.

You collected 5 gold pieces.

Inventory:

Hand Weapons
 c - a +2 whip of freezing (weapon)
Missiles
 b - 37 stones
Jewellery
 e - an amulet of guardian spirit
Scrolls
 d - 3 scrolls of identify {unknown}
Potions
 a - a potion of ambrosia {unknown}


   Skills:
 + Level 2.2 Dodging
 + Level 3.1 Stealth
 + Level 2.2 Spellcasting
 + Level 1.4 Transmutations
 + Level 3.2 Earth Magic


You had 4 spell levels left.
You knew the following spells:

 Your Spells              Type           Power      Damage    Failure   Level
a - Sandblast             Erth           24%        2d8       4%          1

Your spell library contained the following spells:

 Spells                   Type           Power      Damage    Failure   Level
 Passwall                 Tmut/Erth      7%         N/A       11%         2
 Stone Arrow              Conj/Erth      14%        3d7       30%         3
 Petrify                  Tmut/Erth      9%         N/A       58%         4


Dungeon Overview and Level Annotations

Branches:
Dungeon (1/15)

Altars:


Innate Abilities, Weirdness & Mutations

You cannot wear most types of armour.
You are amphibious.
You can wear up to eight rings at the same time.
Your skin changes colour to match your surroundings (Stealth+).
Your rubbery body absorbs attacks. (AC +1, EV +1)
((You are camouflaged when in or above water. (Stealth+)))
You have tentacles for arms and can constrict up to eight enemies at once.


Message History

No target in view!
No target in view!
No target in view!
No target in view!
No target in view!
No target in view!
e - an amulet of guardian spirit
b - 39 stones (gained 16)
You open the door.
There is an open door here.
Found a stone staircase leading down.
A kobold comes into view. It is wielding a +0 short sword.
A kobold is nearby!
A kobold is nearby!
A quokka comes into view.
A goblin comes into view. It is wielding a +0 club.
You closely miss the quokka. Your grab misses the quokka.
The quokka barely misses you. The quokka bites you.
You closely miss the quokka. Your grab misses the quokka.
Your squeeze misses the quokka. The kobold misses you.
The quokka closely misses you.
Casting: Sandblast (safe; 4% risk of failure)
Confirm with . or Enter, or press ? or * to list all spells.
Aiming: Sandblast (safe; 4% risk of failure)
Press: ? - help, Shift-Dir - straight line, f - quokka
Aim: a quokka (71% to hit)
The blast of sand hits the quokka.
The quokka is severely wounded.
The quokka bites you.
The kobold hits you with a +0 short sword.
* * * LOW HITPOINT WARNING * * *
Casting: Sandblast (safe; 4% risk of failure)
Confirm with . or Enter, or press ? or * to list all spells.
Aiming: Sandblast (safe; 4% risk of failure)
Press: ? - help, Shift-Dir - straight line, f/p - quokka
Aim: a quokka (severely wounded, 71% to hit)
The blast of sand hits the quokka!
You kill the quokka!
The kobold hits you with a +0 short sword.
You die...

.##....##......
...............
.###.##...[....
.##.....†...#########
.##..###............#
.##.......##........#
.##.#.....##........#
..#.#.##.###........#
..#.#...........@...#
.......#.....#...K.##
>.####.#######.....#
### #.# #.....# #.#
#.....# #.. #.....#
... #.....# # #...
#.g...# #...


You could see a goblin (asleep) and a kobold.

Vanquished Creatures
  A ball python (D:1)
  2 bats (D:1)
  4 endoplasms (D:1)
  2 goblins (D:1)
  2 hobgoblins (D:1)
  3 quokkas (D:1)
  A frilled lizard (D:1)
  3 rats (D:1)
18 creatures vanquished.

Notes
Turn   | Place    | Note
-------+----------+-------------------------------------------
     0 | D:1      | TrogsFancyHat the Octopode Earth Elementalist began the
                  | quest for the Orb.
     0 | D:1      | Reached XP level 1. HP: 11/11 MP: 3/3
   520 | D:1      | Reached XP level 2. HP: 13/17 MP: 5/5
   794 | D:1      | Found a faded altar of an unknown god.
  1024 | D:1      | Slain by a kobold

Illustrated notes

Levels and vault maps discovered:
D:1:      erik_arrival_orb_chamber, layout_basic,
          dreamdust_ecumenical_altar_angels_and_demons

Skill      XL: |  1  2 |
---------------+-------+-----
Stealth        | 3 |  3.1
Dodging        | |  2.2
Spellcasting   | |  2.2
Transmutations | |  1.4
Earth Magic    | |  3.2

Action                   || total
-------------------------++-------
Melee: Unarmed           ||    35
       Constrict         ||    10
       Tentacles         ||    10
       Whip              ||    13
       Punch             ||     1
 Cast: Sandblast         ||    10
 Stab: Sleeping          ||     7
Armor: Skin              ||     6
Dodge: Dodged            ||    40

Table legend: (Time is in decaauts)
 A = Elapsed time spent in this place.
 B = Non-inter-level travel time spent in this place.
 C = Inter-level travel time spent in this place.
 D = Time resting spent in this place.
 E = Time spent auto-exploring this place.
 F = Levels seen in this place.
 G = Mean time per level.
                   A        B        C        D        E       F      G
               +--------+--------+--------+--------+--------+-----+--------+
         Total |   1024 |   1024 |      0 |    168 |    675 |   1 | 1024.0 |
       Dungeon |   1024 |   1024 |      0 |    168 |    675 |   1 | 1024.0 |
               +--------+--------+--------+--------+--------+-----+--------+

Top non-repeatable levels by time:
     D:1: 1024 daAuts
